 Dungeon Crawl Stone Soup version 0.21.1-1-g345015fe64 (webtiles) character file.

2984 Lentor the Carver (level 9, -2/81 HPs)
             Began as a Minotaur Berserker on June 21, 2018.
             Was an Elder of Trog.
             Slain by a large slime creature (40 damage)
             ... on level 7 of the Dungeon.
             The game lasted 00:09:57 (5462 turns).

Lentor the Carver (Minotaur Berserker)              Turns: 5462, Time: 00:09:57

Health: -2/81      AC:  9    Str: 31    XL:     9   Next: 53%
Magic:  8/8        EV:  9    Int:  4    God:    Trog [****..]
Gold:   254        SH:  7    Dex: 13    Spells: 8/8 levels left

rFire    . . .     SeeInvis .   a - +0 falchion
rCold    + . .     Gourm    .   q - +2 buckler
rNeg     . . .     Faith    .   B - +0 plate armour "Uquriaw" {rC+ Str+3 Dex+4 Stlth-} (curse)
rPois    .         Spirit   .   (helmet restricted)
rElec    .         Reflect  .   (no cloak)
rCorr    .         Harm     .   (no gloves)
MR       .....                  (no boots)
Stlth    ..........             (no amulet)
HPRegen  0.23/turn              e - +2 ring of strength
MPRegen  0.11/turn              i - ring of stealth

@: corroded
A: retaliatory headbutt, horns 2
a: Berserk, Trog's Hand, Brothers in Arms, Burn Spellbooks, Renounce Religion


You were on level 7 of the Dungeon.
You worshipped Trog.
Trog was greatly pleased with you.
You were hungry.

You visited 2 branches of the dungeon, and saw 8 of its levels.

You collected 254 gold pieces.

Inventory:

Hand Weapons
 a - a +0 falchion (weapon)
Armour
 d - a +0 ring mail
 q - a +2 buckler (worn)
 B - the cursed +0 plate armour "Uquriaw" (worn) {rC+ Str+3 Dex+4 Stlth-}
   (You found it on level 6 of the Dungeon)

   It affects your strength (+3).
   It affects your dexterity (+4).
   It protects you from cold.
   It makes you less stealthy.
   It has a curse placed upon it.
Jewellery
 e - a +2 ring of strength (left hand)
 i - a ring of stealth (right hand)
 v - an uncursed ring of flight
 C - an uncursed amulet of magic regeneration {unknown}
Wands
 E - a wand of acid (7)
Scrolls
 b - 7 scrolls of identify {unknown}
 f - a scroll of amnesia {unknown}
 h - 3 scrolls of enchant weapon {unknown}
 j - a scroll of random uselessness {unknown}
 m - a scroll of fear {unknown}
 n - 3 scrolls of magic mapping {unknown}
 o - 2 scrolls of enchant armour {unknown}
 s - 4 scrolls of teleportation {unknown}
 y - a scroll of silence {unknown}
 z - a scroll of immolation {unknown}
 A - a scroll of remove curse {unknown}
 F - a scroll of fog {unknown}
Potions
 g - 2 potions of might {unknown}
 k - a potion of heal wounds {unknown}
 l - a potion of lignification {unknown}
 p - 3 potions of flight {unknown}
 r - a potion of haste {unknown}
 t - 3 potions of mutation {unknown}
 u - 2 potions of brilliance {unknown}
 w - a potion of invisibility {unknown}
 x - a potion of curing {unknown}
Comestibles
 c - 9 rations


   Skills:
 + Level 7.9 Fighting
 + Level 11.1 Long Blades
 + Level 8.6 Armour
 - Level 2.1 Dodging
 + Level 4.4 Shields


You had 8 spell levels left.
You didn't know any spells.

Dungeon Overview and Level Annotations

Branches:
Dungeon (7/15)             Temple (1/1) D:6

Altars:
Ashenzari
Cheibriados
Dithmenos
Elyvilon
Fedhas
Gozag
Hepliaklqana
Kikubaaqudgha
Makhleb
Nemelex Xobeh
Okawaru
Qazlal
Ru
Sif Muna
Trog
Uskayaw
Vehumet
Wu Jian
Xom
Yredelemnul
Zin
The Shining One


Innate Abilities, Weirdness & Mutations

You reflexively headbutt those who attack you in melee.
You have a pair of horns on your head.


Message History

The fungus is splashed with acid.
The acid corrodes the fungus!
You hit the jelly but do no damage.
Your hands burn!
The jelly is heavily wounded.
Something hits the fungus.
The fungus is splashed with acid.
The acid corrodes the fungus!
The jelly hits the fungus.
The fungus is splashed with acid.
The jelly closely misses you.
You riposte.
You hit the jelly but do no damage.
You kill the jelly!
Trog accepts your kill.
The jelly hits the fungus.
The fungus is splashed with acid.
The jelly hits the fungus.
The fungus is splashed with acid.
The acid corrodes the fungus!
The large slime creature hits you!!
There is an open door, spattered with blood here.
You hit the fungus.
You destroy the fungus!
You hit the large slime creature.
You headbutt the large slime creature, but do no damage.
The large slime creature is lightly wounded.
The large slime creature hits you!!!
You die...

#.......##.# #.#
#.......##.# #.#
#.^.....##.# #..
#.......##.. ###
#....######. ...
#....'..## # ##.
########.#
##...)..##
#@#######
..##.JJJJJ...
#.##.J÷JJP...
#####.##..J÷...P.
#...#.##.P.P.P...
#.#.#.##...P.P.P.
###.#.#.##.P..÷..P?
###
#.....#.###########
#..
#.#.....########
####.#


You could see a large slime creature, 5 jellies and 3 oozes.

Vanquished Creatures
  The ghost of Greboboi the Insei, a novice GnTm (D:5)
  Grinder (D:5)
  A hungry ghost (D:7)
  Menkaure (D:5)
  Duvessa (D:6)
  3 ogres
  2 centaurs
  3 big kobolds (D:7)
  3 bullfrogs (D:6)
  Dowan (D:6)
  A scorpion (D:5)
  2 howler monkeys (D:4)
  An electric eel (D:6)
  3 crimson imps (D:6)
  3 hounds
  8 orc wizards
  2 bullfrog skeletons
  2 jellies
  2 iguanas (D:6)
  6 worker ants
  A hound zombie (D:6)
  11 gnolls
  8 adders
  3 oozes
  An adder skeleton (D:6)
  3 worms
  3 dart slugs (D:1)
  7 leopard geckos
  27 orcs
  5 bats
  2 giant cockroaches
  8 goblins
  5 hobgoblins (D:2)
  6 jackals (D:2)
  9 kobolds
  2 quokkas
  3 frilled lizards
  2 leopard gecko skeletons
  A leopard gecko zombie (D:5)
  9 rats
  A fungus (D:7)
164 creatures vanquished.

Vanquished Creatures (others)
  7 toadstools (D:7)
7 creatures vanquished.

Grand Total: 171 creatures vanquished

Notes
Turn   | Place    | Note
-------+----------+-------------------------------------------
     0 | D:1      | Lentor the Minotaur Berserker began the quest for the Orb.
     0 | D:1      | Reached XP level 1. HP: 19/19 MP: 0/0
    79 | D:1      | Reached skill level 4 in Long Blades
    79 | D:1      | Reached XP level 2. HP: 13/27 MP: 1/1
   505 | D:2      | Reached XP level 3. HP: 34/34 MP: 2/2
   651 | D:2      | Reached XP level 4. HP: 40/41 MP: 3/3
   670 | D:2      | Reached ** piety under Trog
   978 | D:2      | Reached skill level 5 in Long Blades
  1163 | D:2      | Reached skill level 5 in Fighting
  1268 | D:3      | Reached XP level 5. HP: 23/48 MP: 4/4
  1816 | D:3      | Reached *** piety under Trog
  1817 | D:3      | Reached XP level 6. HP: 55/56 MP: 5/5
  2000 | D:3      | Reached skill level 6 in Long Blades
  2443 | D:4      | Reached skill level 5 in Armour
  2466 | D:4      | Reached skill level 7 in Long Blades
  2466 | D:4      | Reached XP level 7. HP: 59/62 MP: 6/6
  2619 | D:4      | Reached skill level 1 in Shields
  2990 | D:5      | Entered Level 5 of the Dungeon
  2990 | D:5      | Noticed Menkaure
  2995 | D:5      | Killed Menkaure
  3081 | D:5      | Reached skill level 8 in Long Blades
  3172 | D:5      | Noticed Greboboi's ghost (novice GnTm)
  3185 | D:5      | Killed Greboboi's ghost
  3185 | D:5      | Reached **** piety under Trog
  3185 | D:5      | Reached skill level 9 in Long Blades
  3185 | D:5      | Reached XP level 8. HP: 54/71 MP: 7/7
  3426 | D:5      | Noticed Grinder
  3429 | D:5      | Received a gift from Trog
  3429 | D:5      | Paralysed by Grinder for 4 turns
  3443 | D:5      | Killed Grinder
  3994 | D:6      | Found a shattered altar of Ashenzari.
  4019 | D:6      | Reached skill level 10 in Long Blades
  4056 | D:6      | Got a polished plate armour
  4104 | D:6      | Identified the cursed +0 plate armour "Uquriaw" {rC+ Str+3 Dex+4 Stlth-} (You found it on level 6 of the Dungeon)
  4221 | D:6      | Found a staircase to the Ecumenical Temple.
  4225 | D:6      | Noticed Dowan
  4227 | D:6      | Noticed Duvessa
  4234 | D:6      | Killed Dowan
  4234 | D:6      | Reached XP level 9. HP: 79/79 MP: 8/8
  4236 | D:6      | Killed Duvessa
  4240 | Temple   | Entered the Ecumenical Temple
  5415 | D:7      | Reached skill level 11 in Long Blades
  5462 | D:7      | Slain by a large slime creature

Skill      XL: |  1  2  3  4  5  6  7  8  9 |
---------------+----------------------------+-----
Long Blades    | 4 5 7 9 10 11 | 11.1
Fighting       | 4 5 6 7 |  7.9
Armour         | 3 4 5 6 7 8 |  8.6
Shields        | 2 3 4 |  4.4
Dodging        | |  2.1

Action                   |  1- 3 |  4- 6 |  7- 9 || total
-------------------------+-------+-------+-------++-------
Melee: Falchion          |    44 |   170 |   237 ||   451
       Headbutt          |    11 |    33 |    64 ||   108
Invok: Berserk           |     1 |     2 |     6 ||     9
 Stab: Sleeping          |       |       |     1 ||     1
  Eat: Chunk             |       |     8 |    13 ||    21
       Ration            |       |       |     1 ||     1
Armor: Ring mail         |    12 |    61 |    35 ||   108
       Plate armour      |       |       |    61 ||    61
Dodge: Dodged            |    22 |    81 |    68 ||   171
Block: Buckler           |       |    10 |    51 ||    61
       Rpst.: Falchion   |       |    26 |    17 ||    43
